[Event "2nd Gujarat Open 2019"]
[Site "Ahmedabad, Gujarat"]
[Date "2019.09.29"]
[Round "10.22"]
[White "Srija, Seshadri"]
[Black "Gaikwad, Siddhant"]
[Result "1-0"]
[ECO "B53"]
[WhiteElo "2270"]
[BlackElo "2034"]
[Annotator "NA"]
[PlyCount "107"]
[EventDate "2019.09.22"]
[EventType "swiss"]
[EventCountry "IND"]
[SourceTitle "playchess.com"]
[Source "ChessBase"]
[SourceQuality "1"]
[TimeControl "5400+30"]

1. e4 c5 2. Nf3 d6 3. d4 cxd4 4. Qxd4 a6 5. h3 Nc6 6. Qe3 Nf6 7. Be2 g6 8. O-O Bg7 9. c4 O-O 10. Nc3 b6 11. Rb1 Nd7 12. b3 Nc5 13. Bb2 f5 14. Rfd1 e5 15. Qd2 Nd4 16. b4 Nce6 17. exf5 Rxf5 18. Nxd4 Nxd4 19. Nd5 Qh4 20. Bxd4 exd4 21. Bg4 Rf8 22. g3 Qd8 23. Re1 Bxg4 24. hxg4 Ra7 25. f4 b5 26. Qe2 bxc4 27. Qxc4 Kh8 28. Rbc1 Raf7 29. Qxa6 Qd7 30. Qe2 d3 31. Qxd3 Qxg4 32. Kg2 g5 33. Ne3 Qd7 34. Nd5 gxf4 35. Rh1 Be5 36. Rc7 Qg4 37. Rxh7+ Kg8 38. Rcxf7 Rxf7 39. Rxf7 Kxf7 40. Nxf4 Bxf4 41. Qc4+ Ke8 42. Qe4+ Kd7 43. Qxf4 Qe2+ 44. Kh3 Qxa2 45. Qg4+ Kc7 46. Qg7+ Kc6 47. Qc3+ Kd7 48. Qd4 Qb1 49. Qg4+ Kc7 50. Qc4+ Kd7 51. b5 Qh1+ 52. Kg4 Qd1+ 53. Kh4 Qf3 54. Qg4+ 1-0

[Event "2nd Gujarat Open 2019"]
[Site "Ahmedabad, Gujarat"]
[Date "2019.09.29"]
[Round "10.23"]
[White "Nikhil Magizhnan"]
[Black "Sri Sai Baswanth P"]
[Result "1-0"]
[ECO "B12"]
[WhiteElo "2251"]
[BlackElo "2013"]
[Annotator "NA"]
[PlyCount "117"]
[EventDate "2019.09.22"]
[EventType "swiss"]
[EventCountry "IND"]
[SourceTitle "playchess.com"]
[Source "ChessBase"]
[SourceQuality "1"]
[TimeControl "5400+30"]

1. e4 c6 2. d4 d5 3. e5 c5 4. dxc5 e6 5. Be3 Nd7 6. Nf3 Bxc5 7. Bxc5 Nxc5 8. Qd4 Qb6 9. Nbd2 Ne7 10. Nb3 Nxb3 11. axb3 Qxd4 12. Nxd4 Ng6 13. Nf3 f6 14. exf6 gxf6 15. g3 e5 16. Bg2 Bf5 17. c3 a6 18. Nd2 O-O-O 19. O-O Rhe8 20. b4 Kb8 21. Nb3 Bd3 22. Rfe1 f5 23. Nc5 Bb5 24. Nb3 Bd3 25. h4 h5 26. Bf3 Rh8 27. Nc5 Bb5 28. Rad1 e4 29. Bg2 Rhe8 30. Bh3 b6 31. Nb3 Ba4 32. Nd4 Bxd1 33. Nc6+ Kc7 34. Nxd8 Bg4 35. Bxg4 fxg4 36. Nf7 Re7 37. Ng5 Ne5 38. Ra1 Nf3+ 39. Kg2 Kb7 40. Rh1 Kc6 41. Kf1 d4 42. Ke2 e3 43. fxe3 Rxe3+ 44. Kf2 Rd3 45. cxd4 Nxd4 46. Rc1+ Kb5 47. Rc8 Nf5 48. Rf8 Rd2+ 49. Ke1 Rd5 50. Ne4 Kxb4 51. Kf2 b5 52. Nf6 Rd2+ 53. Ke1 Rxb2 54. Nd5+ Ka3 55. Rxf5 a5 56. Nc3 Rg2 57. Rxb5 Rxg3 58. Ne2 Rb3 59. Rxa5+ 1-0

[Event "2nd Gujarat Open 2019"]
[Site "Ahmedabad, Gujarat"]
[Date "2019.09.29"]
[Round "10.24"]
[White "Saranya, Y."]
[Black "Ziatdinov, Raset"]
[Result "0-1"]
[ECO "C44"]
[WhiteElo "1974"]
[BlackElo "2222"]
[Annotator "NA"]
[PlyCount "90"]
[EventDate "2019.09.22"]
[EventType "swiss"]
[EventCountry "IND"]
[SourceTitle "playchess.com"]
[Source "ChessBase"]
[SourceQuality "1"]
[TimeControl "5400+30"]

1. e4 e5 2. Nf3 Nc6 3. d4 exd4 4. Nxd4 Nf6 5. Nxc6 bxc6 6. Nc3 Bb4 7. Bd3 d5 8. exd5 cxd5 9. O-O O-O 10. Bg5 c6 11. Na4 h6 12. Bh4 Be7 13. c4 Re8 14. Rc1 d4 15. Qf3 Qc7 16. Bxf6 Bxf6 17. Be4 Re5 18. Bxc6 Rb8 19. b3 h5 20. Bd5 Bg4 21. Qf4 d3 22. Qd2 Be2 23. Rfe1 Rbe8 24. Nc3 Qc5 25. Qf4 Qe7 26. Nb1 Bg5 27. Qd4 Bxc1 28. Rxc1 Bd1 29. h3 Re1+ 30. Kh2 Bc2 31. Rxe1 Qxe1 32. Na3 Qe5+ 33. Qxe5 Rxe5 34. Bf3 Ra5 35. Nb5 d2 36. Nc3 Re5 37. b4 Re1 38. c5 d1=Q 39. Bxd1 Bxd1 40. c6 Bc2 41. Nb5 Ba4 42. Nxa7 Re7 43. b5 Rxa7 44. b6 Ra8 45. b7 Bxc6 0-1

[Event "2nd Gujarat Open 2019"]
[Site "Ahmedabad, Gujarat"]
[Date "2019.09.29"]
[Round "10.25"]
[White "Ramakrishna, Perumalla"]
[Black "Patil, Pratik"]
[Result "1/2-1/2"]
[ECO "B40"]
[WhiteElo "1971"]
[BlackElo "2187"]
[Annotator "ChessBase"]
[PlyCount "67"]
[EventDate "2019.09.22"]
[EventType "swiss"]
[EventCountry "IND"]
[SourceTitle "playchess.com"]
[Source "ChessBase"]
[SourceQuality "1"]
[TimeControl "5400+30"]

1. e4 c5 2. Nf3 e6 3. c3 Nf6 4. e5 Nd5 5. d4 cxd4 6. cxd4 d6 7. Bc4 Be7 8. Nc3 Nxc3 9. bxc3 Qc7 10. Qe2 d5 11. Bb5+ Bd7 12. Bd2 Bxb5 13. Qxb5+ Nd7 14. Rb1 Rb8 15. O-O O-O 16. Rb3 a6 17. Qd3 h6 18. Re1 b5 19. g4 Qc4 20. Qb1 a5 21. Be3 a4 22. Rb2 Qxc3 23. Rxb5 Qc4 24. Rb7 Ba3 25. g5 Qa6 26. Rxb8 Rxb8 27. Qc2 Qc4 28. Qd1 hxg5 29. Nd2 Qd3 30. Qxa4 Bb4 31. Qxd7 Bxd2 32. Qc7 Rb2 33. Qd8+ Kh7 34. Qxg5 1/2-1/2

[Event "2nd Gujarat Open 2019"]
[Site "Ahmedabad, Gujarat"]
[Date "2019.09.29"]
[Round "10.27"]
[White "Aradhya, Garg"]
[Black "Sibi Srinivas Einstein"]
[Result "1-0"]
[ECO "B47"]
[WhiteElo "2157"]
[BlackElo "1751"]
[Annotator "NA"]
[PlyCount "113"]
[EventDate "2019.09.22"]
[EventType "swiss"]
[EventCountry "IND"]
[SourceTitle "playchess.com"]
[Source "ChessBase"]
[SourceQuality "1"]
[TimeControl "5400+30"]

1. e4 c5 2. Nf3 e6 3. d4 cxd4 4. Nxd4 Nc6 5. Nc3 Qc7 6. g3 a6 7. Bg2 Nf6 8. O-O Nxd4 9. Qxd4 Bc5 10. Bf4 d6 11. Qd2 h6 12. Rad1 e5 13. Be3 Bg4 14. Bxc5 dxc5 15. Qd6 Rc8 16. Qxc7 Rxc7 17. Rd6 Rd7 18. Rb6 Kd8 19. b4 c4 20. a4 Kc7 21. Rxf6 gxf6 22. Nd5+ Rxd5 23. exd5 Bf5 24. f4 e4 25. Kf2 Kd6 26. Ke3 h5 27. c3 h4 28. gxh4 Rxh4 29. Bxe4 Bxe4 30. Kxe4 Rxh2 31. Kf5 Rh3 32. Kxf6 Rxc3 33. Kxf7 Kxd5 34. f5 Re3 35. f6 c3 36. Kg7 Rg3+ 37. Kf8 Rh3 38. f7 Rh8+ 39. Kg7 Rc8 40. Rf5+ Ke4 41. f8=Q Rxf8 42. Rxf8 c2 43. Rc8 Kd3 44. Kf6 Kd2 45. Ke5 c1=Q 46. Rxc1 Kxc1 47. Kd6 Kc2 48. Kc7 Kb3 49. b5 Kxa4 50. b6 Kb3 51. Kxb7 a5 52. Kc6 a4 53. b7 a3 54. b8=Q+ Kc2 55. Qa7 Kb2 56. Qd4+ Kb1 57. Qb4+ 1-0

[Event "2nd Gujarat Open 2019"]
[Site "Ahmedabad, Gujarat"]
[Date "2019.09.29"]
[Round "10.29"]
[White "Gandhi, Anish"]
[Black "Alan Diviya Raj"]
[Result "1-0"]
[ECO "A01"]
[WhiteElo "2201"]
[BlackElo "1943"]
[Annotator "ChessBase"]
[PlyCount "81"]
[EventDate "2019.09.22"]
[EventType "swiss"]
[EventCountry "IND"]
[SourceTitle "playchess.com"]
[Source "ChessBase"]
[SourceQuality "1"]
[TimeControl "5400+30"]

1. b3 e5 2. Bb2 Nc6 3. c4 g6 4. Nc3 Bg7 5. g3 Nge7 6. Bg2 O-O 7. e3 d6 8. Nge2 Be6 9. O-O d5 10. d3 Rb8 11. e4 dxc4 12. dxc4 Nd4 13. Nxd4 exd4 14. Nd5 c6 15. Nf4 c5 16. Nxe6 fxe6 17. Ba3 Qa5 18. Bb2 Nc6 19. f4 a6 20. Qg4 Rbe8 21. e5 Nb4 22. Be4 Qc7 23. h4 d3 24. Rad1 b5 25. a3 bxc4 26. axb4 cxb3 27. bxc5 Qxc5+ 28. Rf2 a5 29. Bxd3 a4 30. Ra1 Rf7 31. Rxa4 Rd7 32. Rc4 Qe3 33. Rc8 Rxc8 34. Qxe6+ Kh8 35. Qxd7 Qxg3+ 36. Kf1 Rf8 37. h5 Rxf4 38. Qe8+ Bf8 39. e6+ Kg8 40. Qf7+ Rxf7 41. exf7# 1-0

[Event "2nd Gujarat Open 2019"]
[Site "Ahmedabad, Gujarat"]
[Date "2019.09.29"]
[Round "10.30"]
[White "Rathneesh R"]
[Black "Nitin, S.."]
[Result "1/2-1/2"]
[ECO "A25"]
[WhiteElo "2065"]
[BlackElo "2361"]
[Annotator "ChessBase"]
[PlyCount "71"]
[EventDate "2019.09.22"]
[EventType "swiss"]
[EventCountry "IND"]
[SourceTitle "playchess.com"]
[Source "ChessBase"]
[SourceQuality "1"]
[TimeControl "5400+30"]

1. c4 g6 2. g3 Bg7 3. Bg2 e5 4. Nc3 Nc6 5. Rb1 a5 6. a3 d6 7. b4 axb4 8. axb4 f5 9. b5 Nd4 10. e3 Ne6 11. Nge2 Nf6 12. O-O O-O 13. d3 g5 14. f4 Nh5 15. Nd5 Bd7 16. Nec3 g4 17. fxe5 dxe5 18. e4 Nd4 19. exf5 Bxf5 20. Ne3 Nf3+ 21. Bxf3 gxf3 22. Nxf5 Rxf5 23. Be3 Ra3 24. Nd5 Nf6 25. Rxf3 Nxd5 26. cxd5 Rxf3 27. Qxf3 Rxd3 28. Rc1 Qxd5 29. Qxd5+ Rxd5 30. Rxc7 Rxb5 31. Kf2 Rb3 32. g4 b5 33. Rc8+ Kf7 34. Rc7+ Kg8 35. Rc8+ Kf7 36. Rc7+ 1/2-1/2

[Event "2nd Gujarat Open 2019"]
[Site "Ahmedabad, Gujarat"]
[Date "2019.09.29"]
[Round "10.31"]
[White "Bidhar, Rutumbara"]
[Black "Souhardo Basak"]
[Result "1/2-1/2"]
[ECO "B22"]
[WhiteElo "1847"]
[BlackElo "2301"]
[Annotator "NA"]
[PlyCount "117"]
[EventDate "2019.09.22"]
[EventType "swiss"]
[EventCountry "IND"]
[SourceTitle "playchess.com"]
[Source "ChessBase"]
[SourceQuality "1"]
[TimeControl "5400+30"]

1. e4 c5 2. c3 d6 3. d4 Nf6 4. Bd3 g6 5. Nf3 Bg7 6. O-O O-O 7. h3 Nc6 8. d5 Ne5 9. Nxe5 dxe5 10. Nd2 Ne8 11. a4 Nd6 12. a5 f5 13. f3 f4 14. b4 cxb4 15. c4 b6 16. Nb3 Nb7 17. Bd2 Qd6 18. a6 Nd8 19. Ra4 Nf7 20. Bxb4 Qf6 21. c5 bxc5 22. Nxc5 Rb8 23. Be1 Ng5 24. Kh2 Rb2 25. Rf2 Rb6 26. Rc2 Rd6 27. Bf2 e6 28. Nb7 Rd7 29. Bb5 Rdf7 30. h4 Nxe4 31. fxe4 exd5 32. Qxd5 Be6 33. Qd3 g5 34. Nd6 Re7 35. Bc4 g4 36. g3 Rd8 37. Qa3 Bxc4 38. Nxc4 Red7 39. Qa2 Kh8 40. Ra3 Rd1 41. Rd2 fxg3+ 42. Bxg3 R8xd2+ 43. Nxd2 Qb6 44. Nf1 Rxf1 45. Qg2 Rf8 46. Ra2 h5 47. Qb2 Qe3 48. Qe2 Qb3 49. Rb2 Qa3 50. Ra2 Qe7 51. Rb2 Rf3 52. Qc2 Qa3 53. Qc8+ Kh7 54. Rf2 Qe3 55. Rxf3 gxf3 56. Qf5+ Kg8 57. Qc8+ Kf7 58. Qd7+ Kg8 59. Qe8+ 1/2-1/2

[Event "2nd Gujarat Open 2019"]
[Site "Ahmedabad, Gujarat"]
[Date "2019.09.29"]
[Round "10.32"]
[White "Kanishk S K"]
[Black "Deshmukh, Anup"]
[Result "0-1"]
[ECO "A46"]
[WhiteElo "2001"]
[BlackElo "2193"]
[Annotator "ChessBase"]
[PlyCount "54"]
[EventDate "2019.09.22"]
[EventType "swiss"]
[EventCountry "IND"]
[SourceTitle "playchess.com"]
[Source "ChessBase"]
[SourceQuality "1"]
[TimeControl "5400+30"]

1. d4 Nf6 2. Nf3 b5 3. g3 Bb7 4. Bg2 c5 5. dxc5 e6 6. Na3 Bxc5 7. O-O a6 8. c3 h5 9. Nc2 Be4 10. a4 Nc6 11. Ncd4 b4 12. Nxc6 Bxc6 13. cxb4 Bxb4 14. Qd4 Qa5 15. Bd2 Rb8 16. Bf4 Bc5 17. Qe5 d6 18. Qg5 O-O 19. Bd2 Qc7 20. Bc3 e5 21. Nxe5 Nh7 22. Qxh5 Bxg2 23. Kxg2 dxe5 24. Bxe5 Qc6+ 25. Kg1 Rbc8 26. Rac1 Qe6 27. e3 g6 0-1

[Event "2nd Gujarat Open 2019"]
[Site "Ahmedabad, Gujarat"]
[Date "2019.09.29"]
[Round "10.33"]
[White "Chokshi, Manthan J."]
[Black "Bhatt, Jalpan"]
[Result "0-1"]
[ECO "B26"]
[WhiteElo "2170"]
[BlackElo "2001"]
[Annotator "NA"]
[PlyCount "108"]
[EventDate "2019.09.22"]
[EventType "swiss"]
[EventCountry "IND"]
[SourceTitle "playchess.com"]
[Source "ChessBase"]
[SourceQuality "1"]
[TimeControl "5400+30"]

1. e4 c5 2. Nc3 Nc6 3. g3 g6 4. Bg2 Bg7 5. d3 d6 6. Be3 e5 7. Qd2 Nge7 8. Bh6 Bxh6 9. Qxh6 Nd4 10. O-O-O b5 11. f4 b4 12. Nce2 Ng8 13. Qg7 Qf6 14. Qxf6 Nxf6 15. h3 Ba6 16. Nxd4 cxd4 17. Nf3 Nd7 18. h4 f6 19. g4 Nc5 20. fxe5 fxe5 21. h5 Ke7 22. hxg6 hxg6 23. Nh4 Kf6 24. Rdf1+ Kg7 25. Kd2 Raf8 26. Rxf8 Rxf8 27. Rf1 Nxe4+ 28. Ke1 Rxf1+ 29. Kxf1 Ng5 30. Kf2 Bc8 31. Kg3 Be6 32. b3 Kf6 33. Nf3 Nxf3 34. Bxf3 Kg5 35. Bd1 Bd5 36. Be2 Ba8 37. Bd1 Bb7 38. Be2 Bc6 39. Bd1 a5 40. Be2 a4 41. Bd1 axb3 42. axb3 e4 43. Be2 Bb5 44. Bf1 exd3 45. Bxd3 Bxd3 46. cxd3 d5 47. Kf3 Kh4 48. Kf4 g5+ 49. Ke5 Kxg4 50. Kxd4 Kf4 51. Kxd5 g4 52. d4 g3 53. Kc6 g2 54. d5 Ke5 0-1

[Event "2nd Gujarat Open 2019"]
[Site "Ahmedabad, Gujarat"]
[Date "2019.09.29"]
[Round "10.34"]
[White "Soham Datar"]
[Black "Aditya P Melani"]
[Result "1-0"]
[ECO "A04"]
[WhiteElo "2160"]
[BlackElo "1847"]
[Annotator "ChessBase"]
[PlyCount "65"]
[EventDate "2019.09.22"]
[EventType "swiss"]
[EventCountry "IND"]
[SourceTitle "playchess.com"]
[Source "ChessBase"]
[SourceQuality "1"]
[TimeControl "5400+30"]

1. Nf3 c5 2. c4 Nf6 3. Nc3 g6 4. e3 Bg7 5. d4 cxd4 6. exd4 d5 7. cxd5 O-O 8. Qb3 Nbd7 9. Be2 Nb6 10. O-O Nfxd5 11. Re1 Be6 12. Qa3 h6 13. Ne4 Qb8 14. Nc5 Bg4 15. Ne5 Bxe5 16. dxe5 Qxe5 17. Nd3 Qe6 18. Bf3 Qc8 19. Bxd5 Nxd5 20. Bxh6 Rd8 21. Rac1 Qb8 22. Ne5 Bf5 23. g4 Be6 24. Nxg6 Kh7 25. Qh3 Bxg4 26. Qh4 fxg6 27. Bf4+ Bh5 28. Rxe7+ Nxe7 29. Qxe7+ Kg8 30. Bxb8 Raxb8 31. Rc7 Rd1+ 32. Kg2 Rbd8 33. Qg7# 1-0

[Event "2nd Gujarat Open 2019"]
[Site "Ahmedabad, Gujarat"]
[Date "2019.09.29"]
[Round "10.35"]
[White "Samal Ansuman"]
[Black "Sanket Chakravarty"]
[Result "1-0"]
[ECO "D37"]
[WhiteElo "1847"]
[BlackElo "2158"]
[Annotator "NA"]
[PlyCount "77"]
[EventDate "2019.09.22"]
[EventType "swiss"]
[EventCountry "IND"]
[SourceTitle "playchess.com"]
[Source "ChessBase"]
[SourceQuality "1"]
[TimeControl "5400+30"]

1. d4 Nf6 2. c4 e6 3. Nc3 d5 4. Nf3 dxc4 5. e4 Bb4 6. Qc2 c5 7. dxc5 h6 8. Bxc4 O-O 9. Bf4 Bxc5 10. O-O Nh5 11. Rfd1 Qe7 12. Bd2 Nc6 13. Na4 Bd6 14. Be3 e5 15. Nh4 Rd8 16. Nf5 Bxf5 17. exf5 Rac8 18. Qe2 Nf6 19. Rac1 e4 20. g3 Ne5 21. Bb3 Rxc1 22. Bxc1 Nd3 23. Nc3 Qe5 24. Nxe4 Nxe4 25. Rxd3 Qxf5 26. Rf3 Qe5 27. Bf4 Qd4 28. Rd3 Qb4 29. a3 Qb5 30. Qxe4 Re8 31. Qd5 Re1+ 32. Kg2 Qxd5+ 33. Rxd5 Bxf4 34. Rd8+ Kh7 35. gxf4 Re2 36. Bxf7 Rxb2 37. f5 h5 38. Bg6+ Kh6 39. h4 1-0

[Event "2nd Gujarat Open 2019"]
[Site "Ahmedabad, Gujarat"]
[Date "2019.09.29"]
[Round "10.36"]
[White "Zia, Tahsin Tajwar"]
[Black "Nanal Arnav"]
[Result "1-0"]
[ECO "A45"]
[WhiteElo "2142"]
[BlackElo "1587"]
[Annotator "ChessBase"]
[PlyCount "75"]
[EventDate "2019.09.22"]
[EventType "swiss"]
[EventCountry "IND"]
[SourceTitle "playchess.com"]
[Source "ChessBase"]
[SourceQuality "1"]
[TimeControl "5400+30"]

1. d4 Nf6 2. Bg5 c5 3. d5 Qb6 4. Nc3 Qxb2 5. Bd2 Qb6 6. e4 d6 7. f4 g6 8. Nf3 Bg7 9. Rb1 Qc7 10. Bc4 a6 11. a4 O-O 12. O-O Nbd7 13. Re1 Nb6 14. Bf1 Nh5 15. a5 Nd7 16. Na4 Rb8 17. c4 Ndf6 18. Nb6 Nd7 19. Na4 Ndf6 20. Bd3 Bg4 21. h3 Bxf3 22. Qxf3 Nd7 23. Nb6 Nhf6 24. Bc3 Nxb6 25. axb6 Qd8 26. e5 Nd7 27. Bc2 dxe5 28. fxe5 f6 29. e6 Ne5 30. Qe2 Qd6 31. h4 Ra8 32. h5 g5 33. Rf1 f5 34. Rxf5 Rxf5 35. Bxf5 h6 36. Rf1 Kh8 37. Qe4 Nxc4 38. Re1 1-0